 Dungeon Crawl Stone Soup version 0.29.1-1-gd02db6906a (webtiles) character file.

Game seed: 4000471904245713824

1476 vvl the Stinger (level 8, -2/60 HPs)
             Began as a Demonspawn Venom Mage on Sept 28, 2022.
             Slain by a wolf spider (glowing shapeshifter) (5 damage)
             ... on level 6 of the Dungeon.
             The game lasted 00:13:54 (8682 turns).

vvl the Stinger (Demonspawn Venom Mage)             Turns: 8682, Time: 00:13:54

Health: -2/60      AC: 12    Str: 10    XL:     8   Next: 49%
Magic:  6/14       EV: 11    Int: 18    God:
Gold:   86         SH:  0    Dex: 13    Spells: 10/15 levels left

rFire   + . .      SeeInvis .   u - +4 quarterstaff (chaos)
rCold   + . .      Faith    .   (shield currently unavailable)
rNeg    . . .      Spirit   .   n - +0 ring mail
rPois   .          Reflect  .   (no helmet)
rElec   .          Harm     .   v - +0 cloak
rCorr   .          Rampage  .   j - +0 pair of gloves
Will    .....                   (no boots)
Stlth   +.........              y - amulet of regeneration
HPRegen 1.00/turn               p - ring of protection from fire
MPRegen 0.14/turn               (no ring)

@: lethally poisoned (-2 -> -10), very slightly contaminated
A: hooves 2, icy blue scales 3, ignite blood 1
a: no special abilities


You were on level 6 of the Dungeon.
You visited 1 branch of the dungeon, and saw 6 of its levels.

You collected 429 gold pieces.
You spent 343 gold pieces at shops.

Inventory:

Hand Weapons
 u - a +4 quarterstaff of chaos (weapon)
 x - a +2 dagger of venom
Armour
 j - a +0 pair of gloves (worn)
 n - a +0 ring mail (worn)
 v - a +0 cloak (worn)
Magical Staves
 D - a staff of conjuration
Jewellery
 p - a ring of protection from fire (left hand)
 y - an amulet of regeneration (around neck)
Wands
 a - a wand of flame (32)
 B - a wand of roots (5)
Scrolls
 e - a scroll of enchant weapon
 h - 2 scrolls of immolation
 k - a scroll of enchant armour
 m - 2 scrolls of butterflies
 r - a scroll of silence
 s - 3 scrolls of teleportation
 w - a scroll of poison
 A - a scroll of magic mapping
 C - 2 scrolls of blinking {unknown}
Potions
 b - a potion of magic
 c - 3 potions of attraction {unknown}
 d - a potion of ambrosia {unknown}
 f - 3 potions of might
 g - 2 potions of curing
 i - a potion of invisibility {unknown}
 l - a potion of degeneration {unknown}
 o - 2 potions of flight {unknown}
 q - 2 potions of heal wounds {unknown}
 t - a potion of mutation {unknown}
 z - a potion of haste {unknown}


   Skills:
 + Level 4.2 Fighting
 + Level 3.8 Armour
 + Level 4.4 Dodging
 - Level 2.0 Stealth
 + Level 4.4 Spellcasting
 - Level 3.0 Transmutations
 + Level 5.3 Poison Magic


You had 10 spell levels left.
You knew the following spells:

 Your Spells              Type           Power      Damage    Failure   Level
a - Sting                 Tmut/Pois      76%        1d6       6%          1
b - Olgreb's Toxic Radia  Pois           23%        N/A       36%         4

Your spell library contained the following spells:

 Spells                   Type           Power      Damage    Failure   Level
 Poisonous Vapours        Pois/Air       26%        N/A       17%         2
 Ignite Poison            Fire/Tmut/Pois 14%        N/A       32%         3
 Summon Small Mammal      Summ           16%        N/A       34%         1
 Blink                    Tloc           8%         N/A       45%         2
 Mephitic Cloud           Conj/Pois/Air  10%        N/A       45%         3
 Call Canine Familiar     Summ           4%         N/A       71%         3
 Conjure Flame            Conj/Fire      4%         6-21      71%         3
 Lesser Beckoning         Tloc           4%         N/A       71%         3
 Summon Guardian Golem    Hex/Summ       4%         N/A       71%         3
 Sticky Flame             Conj/Fire      4%         2d3       98%         4
 Manifold Assault         Tloc           4%         N/A       100%        5


Dungeon Overview and Level Annotations

Branches:
Dungeon (6/15)
 Temple: D:4-7

Altars:
Ashenzari
Okawaru
Xom

Shops:
D:5 ?


Innate Abilities, Weirdness & Mutations

You have hoof-like feet.
You are completely covered in icy blue scales. (AC +4, rC+)
Your demonic aura sometimes causes spilled blood to erupt in flames.


Message History

Aiming: Sting (safe; 6% risk of failure)
Press: ? - help, Shift-Dir - straight line, f/p - shining eye
Aim: a shining eye shaped shifter (moderately wounded, very poisoned, 100% to hit)
The sting hits the shining eye.
The shining eye looks even sicker.
The shining eye is moderately wounded.
Casting: Sting (safe; 6% risk of failure)
Confirm with . or Enter, or press ? or * to list all spells.
Aiming: Sting (safe; 6% risk of failure)
Press: ? - help, Shift-Dir - straight line, f/p - shining eye
Aim: a shining eye shaped shifter (moderately wounded, very poisoned, 100% to hit)
The sting hits the shining eye.
The shining eye looks as sick as possible!
The shining eye is heavily wounded.
You sock the shining eye! You freeze the shining eye.
The shining eye is severely wounded.
The shining eye changes into a wolf spider!
Casting: Sting (safe; 6% risk of failure)
Confirm with . or Enter, or press ? or * to list all spells.
Aiming: Sting (safe; 6% risk of failure)
Press: ? - help, Shift-Dir - straight line, f/p - wolf spider
Aim: a wolf spider shaped shifter (lightly wounded, 74% to hit)
You miscast Sting.
You are very lightly contaminated with residual magic.
Nothing appears to happen.
The wolf spider hits you!
* * * LOW HITPOINT WARNING * * *
The wolf spider bites you!
* * * LOW HITPOINT WARNING * * *
You are lethally poisoned!
The wolf spider poisons you!
Casting: Sting (safe; 6% risk of failure)
Confirm with . or Enter, or press ? or * to list all spells.
Aiming: Sting (safe; 6% risk of failure)
Press: ? - help, Shift-Dir - straight line, f/p - wolf spider
Aim: a wolf spider shaped shifter (lightly wounded, 74% to hit)
The sting hits the wolf spider.
The wolf spider is poisoned.
The wolf spider is moderately wounded.
* * * LOW HITPOINT WARNING * * *
You feel very sick. The wolf spider hits you.
You die...

... :... #....... #######... #..#
#....... #.....#...###..###
#####... #.....#..........# #...
#.....#..........# #...
#.....#..?..H.$..# #...
######.....### #...#########...
.............#######'#...........
)............'..@s...#...........
.............#.......#...........
.............#.......#........###
.............#########........#..
#####.........................#..
#.................######+##..
#.................#..........
#.................#..........
#.................#..........


You could see a wolf spider shaped shifter (poisoned).

Vanquished Creatures
  Pargi (D:3)
  An orc warrior (D:5)
  A black bear (D:3)
  An ogre (D:4)
  3 phantoms
  2 scorpions
  A necrophage (D:6)
  4 hounds
  A jelly (D:5)
  5 orc priests (D:5)
  Crazy Yiuf (D:4)
  7 orc wizards
  11 adders
  3 shadow imps
  3 dart slugs
  15 orcs
  4 ball pythons
  6 endoplasms
  2 giant cockroaches
  7 goblins
  2 hobgoblins
  6 quokkas
  5 bats
  3 frilled lizards
  8 kobolds
  6 rats
109 creatures vanquished.

Notes
Turn   | Place    | Note
-------+----------+-------------------------------------------
     0 | D:1      | vvl the Demonspawn Venom Mage began the quest for the Orb.
     0 | D:1      | Reached XP level 1. HP: 13/13 MP: 3/3
   208 | D:1      | Reached skill level 1 in Transmutations
   416 | D:1      | Gained mutation: You have large cloven feet. [demonic
                  | ancestry]
   416 | D:1      | Reached XP level 2. HP: 19/20 MP: 3/5
  1142 | D:2      | Found a faded altar of an unknown god.
  1442 | D:2      | Reached XP level 3. HP: 18/25 MP: 2/6
  1568 | D:2      | Reached skill level 1 in Fighting
  1916 | D:2      | Reached skill level 1 in Armour
  2091 | D:2      | Gained mutation: You have hoof-like feet. [demonic
                  | ancestry]
  2091 | D:2      | Reached XP level 4. HP: 31/32 MP: 0/7
  3229 | D:3      | Noticed a black bear
  3241 | D:3      | Killed a black bear
  3242 | D:3      | Gained mutation: Your demonic aura sometimes causes spilled
                  | blood to erupt in flames. [demonic ancestry]
  3242 | D:3      | Reached XP level 5. HP: 38/38 MP: 3/9
  3365 | D:3      | Noticed Pargi
  3381 | D:3      | Killed Pargi
  3382 | D:3      | Gained mutation: You are partially covered in icy blue
                  | scales. (AC +2) [demonic ancestry]
  3382 | D:3      | Reached XP level 6. HP: 17/44 MP: 1/10
  4140 | D:4      | Reached skill level 4 in Poison Magic
  5251 | D:4      | Found a runed translucent door.
  5252 | D:4      | Noticed Crazy Yiuf
  5385 | D:4      | Killed Crazy Yiuf
  5517 | D:5      | Entered Level 5 of the Dungeon
  5521 | D:5      | Gained mutation: You are mostly covered in icy blue scales.
                  | (AC +3) [demonic ancestry]
  5521 | D:5      | Reached XP level 7. HP: 51/51 MP: 11/11
  6426 | D:5      | Found Emieral's Magic Scroll Boutique.
  7007 | D:5      | Gained mutation: You are completely covered in icy blue
                  | scales. (AC +4, rC+) [demonic ancestry]
  7007 | D:5      | Reached XP level 8. HP: 34/58 MP: 8/13
  7360 | D:4      | Learned a level 4 spell: Olgreb's Toxic Radiance
  7373 | D:5      | Reached skill level 5 in Poison Magic
  7765 | D:5      | Found a broken altar of Ashenzari.
  7858 | D:5      | Found an iron altar of Okawaru.
  7858 | D:5      | Found a shimmering altar of Xom.
  7963 | D:5      | Bought a scroll of magic mapping for 105 gold pieces
  7963 | D:5      | Bought a scroll of identify for 28 gold pieces
  7963 | D:5      | Bought a scroll of teleportation for 42 gold pieces
  7963 | D:5      | Bought a scroll of identify for 28 gold pieces
  7963 | D:5      | Bought a scroll of immolation for 56 gold pieces
  7963 | D:5      | Bought a scroll of identify for 28 gold pieces
  7963 | D:5      | Bought a scroll of butterflies for 56 gold pieces
  8662 | D:6      | Noticed a glowing shapeshifter
  8662 | D:6      | Noticed a steelbarb worm
  8662 | D:6      | a glowing shapeshifter changed into a steelbarb worm
  8663 | D:6      | Noticed a manticore
  8663 | D:6      | a steelbarb worm changed into a manticore
  8671 | D:6      | Noticed a merfolk
  8671 | D:6      | a manticore changed into a merfolk
  8674 | D:6      | Noticed a two-headed ogre
  8674 | D:6      | a merfolk changed into a two-headed ogre
  8675 | D:6      | Noticed a shining eye
  8675 | D:6      | a two-headed ogre changed into a shining eye
  8680 | D:6      | Noticed a wolf spider
  8680 | D:6      | a shining eye changed into a wolf spider
  8682 | D:6      | HP: 3/60 [poisoned by a wolf spider]
  8682 | D:6      | Slain by a wolf spider (glowing shapeshifter)

Illustrated notes

Levels and vault maps discovered:
D:1:      dpeg_arrival_circle_labyrinth_a, layout_basic
D:2:      layout_loops_corners, nicolae_ecumenical_pavilion
D:3:      layout_basic, uniq_pargi
D:4:      layout_cave_pools, minmay_strange_pillars, kennysheep_dice,
          uniq_crazy_yiuf_cottage
D:5:      layout_loops_ring, mainiacjoe_overflow_24_doors, elyvilon_altar_3,
          gammafunk_temple_overflow_elements, serial_glass, glass_columns_a,
          glass_columns_b, nicolae_inconvenience_store, glass_columns_c,
          kennysheep_generic_room_2
D:6:      layout_gridville

Skill      XL: |  1  2  3  4  5  6  7  8 |
---------------+-------------------------+-----
Transmutations | 1 2 3 |  3.0
Stealth        | 2 |  2.0
Dodging        | 2 3 4 |  4.4
Fighting       | 1 2 3 4 |  4.2
Armour         | 1 2 3 |  3.8
Spellcasting   | 3 4 |  4.4
Poison Magic   | 4 5 |  5.3

Action                   |  1- 3 |  4- 6 |  7- 9 || total
-------------------------+-------+-------+-------++-------
Melee: Short sword       |    24 |    36 |       ||    60
       Unarmed           |     2 |       |       ||     2
       Kick              |     2 |    11 |    29 ||    42
       Dagger            |       |    14 |       ||    14
       Quarterstaff      |       |     2 |   124 ||   126
 Cast: Sting             |    57 |    64 |    37 ||   158
       Olgreb's Toxic Ra |       |       |     1 ||     1
  Use: Potion            |       |       |     3 ||     3
       Scroll            |       |       |     5 ||     5
 Stab: Sleeping          |       |       |     1 ||     1
Armor: Robe              |    17 |       |       ||    17
       Ring mail         |       |    57 |   107 ||   164
Dodge: Dodged            |    36 |    53 |   103 ||   192
